 Dungeon Crawl Stone Soup version 0.31-a0-18-gea43df2a32 (webtiles) character file.

Game seed: 8408245667038925237

3854 Jeffwins the Caller (level 10, -2/63 HPs)
             Began as an Octopode Summoner on May 12, 2023.
             Was an Initiate of Gozag.
             Shot with a bolt by an orc (9 damage)
             ... in a bailey.
             The game lasted 00:21:48 (7513 turns).

Jeffwins the Caller (Octopode Summoner)             Turns: 7513, Time: 00:21:49

Health: -2/63      AC:  2    Str:  7    XL:     10   Next: 18%
Magic:  12/16      EV: 29    Int: 22    God:    Gozag
Gold:   651        SH:  0    Dex: 13    Spells: 7/20 levels left

rFire   + . .        a - +1 dagger (venom)
rCold   + . .        (no shield)
rNeg    . . .        h - +1 hat
rPois   .            I - amulet of the acrobat
rElec   .            f - ring of protection from fire
rCorr   .            C - ring of protection from cold
SInv    .            (no ring)
Will    .....        (no ring)
Stlth   +++++        (no ring)
HPRegen 0.30/turn    (no ring)
MPRegen 0.15/turn    (no ring)
                     (no ring)

%: acrobat
@: on berserk cooldown, acrobatic, slowed, very slow
A: almost no armour, amphibious, 8 rings, camouflage 1, gelatinous body 1,
nimble swimmer 1, tentacles, fangs 1, low MP 1
a: Renounce Religion, Potion Petition, Call Merchant, Bribe Branch


You were in a bailey.
You worshipped Gozag.
Gozag was pleased with you.
You visited 2 branches of the dungeon, and saw 9 of its levels.
You also visited: Ossuary and Bailey.

You collected 726 gold pieces.
You paid 75 gold pieces to Gozag.


Innate Abilities, Weirdness & Mutations

You cannot wear most types of armour.
You are amphibious.
You can wear up to eight rings at the same time.
Your skin changes colour to match your surroundings (Stealth+).
Your rubbery body absorbs attacks. (AC +1, EV +1)
You are camouflaged when in or above water. (Stealth+)
You have tentacles for arms and can constrict up to eight enemies at once.
You have very sharp teeth.
Your magical capacity is low. (-10% MP)


   Skills:
 + Level 3.6 Fighting
 * Level 4.8 Short Blades
 + Level 4.3 Dodging
 - Level 6.0 Stealth
 + Level 2.0 Shields
 * Level 5.5 Spellcasting
 + Level 0.0 Conjurations
 * Level 7.1 Summonings
 * Level 4.9 Ice Magic
 * Level 4.6 Air Magic
 + Level 0.4 Poison Magic
 + Level 3.6 Evocations


You had 7 spell levels left.
You knew the following spells:

 Your Spells              Type           Power      Damage    Failure   Level
c - Call Canine Familiar  Summ           37%        N/A       1%          3
l - Summon Lightning Spi  Summ/Air       31%        N/A       9%          4
m - Mephitic Cloud        Conj/Pois/Air  13%        N/A       14%         3
x - Call Imp              Summ           74%        N/A       1%          2
z - Summon Small Mammal   Summ           100%       N/A       1%          1

Your spell library contained the following spells:

 Spells                   Type           Power      Damage    Failure   Level
 Ozocubu's Armour         Ice            28%        N/A       3%          3
 Summon Guardian Golem    Hex/Summ       21%        N/A       7%          3
 Apportation              Tloc           12%        N/A       10%         1
 Magic Dart               Conj           24%        1d4       10%         1
 Sublimation of Blood     Necr           6%         N/A       14%         2
 Wereblood                Tmut           6%         N/A       14%         2
 Alistair's Intoxication  Tmut/Pois      4%         N/A       94%         5
 Iskenderun's Battlesphe  Conj           6%         2d6       95%         5
 Summon Hydra             Summ           18%        N/A       99%         7
 Iron Shot                Conj/Erth      3%         9d2       100%        6
 Ozocubu's Refrigeration  Ice            14%        4d10      100%        7
 Spellforged Servitor     Conj/Summ      10%        N/A       100%        7

Inventory:

Hand Weapons
 a - a +1 dagger of venom (weapon)
 b - a +2 dagger of holy wrath
 c - a +0 halberd
 d - a +0 spear
 j - a +4 quarterstaff of chaos
 K - a +2 dagger of venom
Armour
 h - a +1 hat (worn)
 E - a +0 buckler
Jewellery
 f - a ring of protection from fire (left tentacle)
 C - a ring of protection from cold (right tentacle)
 F - a ring of fire
 I - an amulet of the acrobat (around mantle)
 L - a ring of flight
Wands
 w - a wand of iceblast (12)
 A - a wand of flame (13)
Scrolls
 g - 2 scrolls of immolation {!r}
 n - a scroll of enchant armour
 o - 2 scrolls of fog
 q - 2 scrolls of enchant weapon
 s - 2 scrolls of amnesia
 t - 3 scrolls of teleportation {@r4}
 x - 2 scrolls of identify {@r1}
 y - a scroll of poison {!r}
 H - 2 scrolls of butterflies
Potions
 e - 3 potions of mutation {!q}
 i - a potion of resistance {unknown}
 k - 2 potions of curing {@q1}
 m - a potion of berserk rage {!q}
 p - 2 potions of ambrosia {unknown}
 r - a potion of haste {unknown}
 u - 3 potions of attraction {!q}
 v - 2 potions of magic
 z - a potion of lignification {unknown}
 B - a potion of cancellation {unknown}
 G - 4 potions of might
 J - a potion of heal wounds {unknown}

Dungeon Overview and Level Annotations

Branches:
Dungeon (8/15)             Temple (1/1) D:5         Ossuary (visited)
 Bailey (1/1)
   Lair: D:8-11

Altars:
Ashenzari
Cheibriados
Dithmenos
Elyvilon
Fedhas
Gozag
Hepliaklqana
Kikubaaqudgha
Makhleb
Nemelex Xobeh
Okawaru
Ru
Sif Muna
Trog
Uskayaw
Vehumet
Xom
Yredelemnul
Zin
The Shining One

Annotations:
D:7 1 runed translucent door

#.∩.................
#...................
#..........o........
#......≈≈≈≈≈........
#.....≈≈▒▒▒≈≈o......
#.....≈▒▒.▒▒$.......
#.....≈▒............
#.....≈▒▒.∩▒≈.......
#.....≈@▒.▒▒≈......▒
#......≈≈o≈≈≈...▒▒▒▒
#..............▒▒
#.............▒▒
#.............▒
#............▒▒
#............▒
#............▒
............▒


You could see an orc.


Message History

Unknown command.
It was a potion of berserk rage.
A red film seems to cover your vision as you go berserk!
You feel yourself moving faster!
You feel mighty!
Unknown command.
You feel a strong urge to attack something.
The orc shoots a bolt.
The bolt closely misses you.
You feel your anger nearly subside.
You are no longer berserk.
You are exhausted.
You feel yourself slow down.
The orc shoots a bolt.
The bolt misses you.
The orc unwields a +0 arbalest.
The orc misses you.
Unknown command.
You barely miss the orc. You grab the orc. You constrict the orc.
The orc misses you.
Unknown command.
You hit the orc but do no damage.
The orc is moderately wounded.
You constrict the orc, but do no damage.
The orc closely misses you.
Unknown command.
You completely miss the orc. You bite the orc, but do no damage.
The orc is moderately wounded.
You constrict the orc. The orc misses you.
The orc warrior shoots a bolt.
The bolt barely misses you. The orc completely misses you.
Unknown command.
You release your grip on the orc.
The orc wields a +0 arbalest.
The orc shoots a bolt.
The bolt hits you!
You die...
Your body crumbles into a pile of gold.

Skill      XL: |  1  2  3  4  5  6  7  8  9 10 |
---------------+-------------------------------+-----
Stealth        | 3 4 5 6 |  6.0
Fighting       | 1 2 3 |  3.6
Spellcasting   | 3 4 5 |  5.5
Short Blades   | 1 2 3 4 |  4.8
Ice Magic      | 1 2 3 4 |  4.9
Dodging        | 3 4 |  4.3
Summonings     | 5 6 7 |  7.1
Evocations     | 1 2 3 |  3.6
Air Magic      | 1 2 3 4 |  4.6
Shields        | 1 2 |  2.0
Poison Magic   | |  0.4

Action                     |  1- 3 |  4- 6 |  7- 9 | 10-12 || total
---------------------------+-------+-------+-------+-------++-------
  Melee: Unarmed           |     8 |     2 |       |       ||    10
         Spear             |    37 |     4 |       |       ||    41
         Constrict         |    11 |    25 |    24 |     2 ||    62
         Tentacles         |     7 |    18 |    33 |     1 ||    59
         Quarterstaff      |       |     9 |       |       ||     9
         Dagger            |       |    82 |   121 |     5 ||   208
         Punch             |       |     1 |     1 |       ||     2
         Bite              |       |       |       |     1 ||     1
   Cast: Summon Small Mamm |     6 |     3 |     5 |       ||    14
         Call Imp          |     1 |    12 |    30 |       ||    43
         Call Canine Famil |     2 |     8 |    33 |       ||    43
         Summon Lightning  |       |       |     2 |       ||     2
         Mephitic Cloud    |       |       |       |     3 ||     3
  Evoke: Wand              |       |     9 |    11 |     5 ||    25
    Use: Scroll            |       |     9 |     4 |       ||    13
         Potion            |       |       |     3 |     2 ||     5
   Stab: Sleeping          |     3 |     5 |    11 |       ||    19
         Distracted        |     1 |     2 |     1 |       ||     4
 Armour: Skin              |     1 |    11 |    16 |       ||    28
  Dodge: Dodged            |    19 |    39 |   107 |    15 ||   180

Levels and vault maps discovered:
D:1:      minmay_arrival_open_corners, layout_basic
D:2:      layout_loops_ring, uniq_robin, uniq_crazy_yiuf_cottage, uniq_jessica
D:3:      layout_rooms, mainiacjoe_overflow_catwalk, lemuel_blue_sif_altar,
          gammafunk_ghost_icy, corexii_shack, uniq_sigmund
D:4:      layout_basic, enter_ossuary_5
D:5:      layout_basic, minmay_temple_entry_gardened_gates, uniq_ijyb,
          uniq_duvessa, uniq_grinder
D:6:      layout_loops_ring, mainiacjoe_overflow_big_doors
D:7:      lemuel_insect_pit, layout_loops_ring, mainiacjoe_overflow_alcove_4
D:8:      layout_gridville, lair_entry_dummy, enter_bailey_5
Temple:   nicolae_temple_no_exploring_needed
Bailey:   bailey_polearm_2, bailey

Notes
Turn   | Place    | Note
-------+----------+-------------------------------------------
     0 | D:1      | Jeffwins the Octopode Summoner began the quest for the Orb.
     0 | D:1      | Reached XP level 1. HP: 11/11 MP: 3/3
    28 | D:1      | HP: 1/11 [frozen (3)]
   332 | D:1      | Reached XP level 2. HP: 17/17 MP: 5/5
   668 | D:2      | Learned a level 2 spell: Call Imp
   673 | D:2      | Reached skill level 3 in Stealth
   695 | D:2      | Noticed Robin
   799 | D:2      | Reached XP level 3. HP: 18/22 MP: 6/6
   803 | D:2      | Learned a level 3 spell: Call Canine Familiar
   952 | D:2      | Found a runed translucent door.
   953 | D:2      | Noticed Crazy Yiuf
   981 | D:2      | Killed Crazy Yiuf
   982 | D:2      | Reached skill level 1 in Fighting
   982 | D:2      | Reached XP level 4. HP: 28/28 MP: 0/8
  1070 | D:2      | Noticed Jessica
  1076 | D:2      | Killed Jessica
  1519 | D:2      | Killed Robin
  1580 | D:2      | Reached skill level 3 in Spellcasting
  1755 | D:3      | Reached XP level 5. HP: 22/33 MP: 9/9
  1828 | D:3      | Found a runed translucent gate.
  1831 | D:3      | Found a runed translucent gate.
  1831 | D:3      | Found a runed translucent gate.
  1866 | D:3      | Noticed Sigmund
  1868 | D:3      | Sigmund changed into Sigmund the hound
  1868 | D:3      | Noticed Sigmund
  1873 | D:3      | Killed Sigmund the hound
  1974 | D:3      | Noticed roninjake's ghost (weakling MiFi)
  2012 | D:3      | Found a shadowy altar of Dithmenos.
  2121 | D:3      | Found a shimmering blue altar of Sif Muna.
  2251 | D:3      | Killed roninjake's ghost
  2252 | D:3      | Reached skill level 1 in Short Blades
  2354 | D:3      | Reached skill level 1 in Ice Magic
  2447 | D:3      | Reached XP level 6. HP: 38/38 MP: 4/10
  2727 | D:4      | Found a sand-covered staircase.
  2732 | Ossuary  | Entered an ossuary
  2732 | Ossuary  | Noticed a wraith
  2732 | Ossuary  | Noticed a wraith
  2732 | Ossuary  | Noticed a wraith
  2757 | Ossuary  | Learned a level 4 spell: Summon Lightning Spire
  2819 | Ossuary  | Noticed a wraith
  2862 | Ossuary  | Killed a wraith
  2863 | Ossuary  | Reached skill level 3 in Dodging
  2863 | Ossuary  | Reached skill level 4 in Stealth
  2863 | Ossuary  | Reached skill level 5 in Summonings
  2863 | Ossuary  | Reached skill level 1 in Evocations
  3366 | D:4      | Reached skill level 1 in Air Magic
  3366 | D:4      | Reached XP level 7. HP: 32/44 MP: 7/12
  3498 | D:5      | Entered Level 5 of the Dungeon
  3535 | D:5      | Noticed Grinder
  3637 | D:5      | Paralysed by Grinder for 3 turns
  3647 | D:5      | Killed Grinder
  3648 | D:5      | Reached skill level 2 in Fighting
  3648 | D:5      | Reached skill level 2 in Short Blades
  3648 | D:5      | Reached skill level 2 in Ice Magic
  3992 | D:5      | Reached skill level 2 in Air Magic
  3992 | D:5      | Reached XP level 8. HP: 31/50 MP: 5/13
  3997 | D:5      | Reached skill level 4 in Spellcasting
  4171 | D:5      | Reached skill level 2 in Evocations
  4315 | D:5      | Found a staircase to the Ecumenical Temple.
  4329 | Temple   | Entered the Ecumenical Temple
  4336 | Temple   | Became a worshipper of Gozag Ym Sagoz the Greedy
  4470 | D:5      | Noticed Dowan
  4494 | D:5      | Noticed Duvessa
  4720 | D:5      | Duvessa changed into Duvessa the worm
  4720 | D:5      | Noticed Duvessa
  4725 | D:5      | Killed Duvessa the worm
  4727 | D:5      | Killed Dowan
  4728 | D:5      | Reached skill level 3 in Short Blades
  4728 | D:5      | Reached skill level 3 in Ice Magic
  4870 | D:5      | Reached skill level 5 in Stealth
  5206 | D:5      | Noticed Ijyb
  5207 | D:5      | Ijyb changed into Ijyb the jelly
  5207 | D:5      | Noticed Ijyb
  5212 | D:5      | Killed Ijyb the jelly
  5353 | D:6      | Found a broken altar of Ashenzari.
  5511 | D:6      | Reached skill level 3 in Air Magic
  5834 | D:6      | Found a burning altar of Makhleb.
  6035 | D:7      | Reached skill level 6 in Summonings
  6109 | D:7      | Reached XP level 9. HP: 55/55 MP: 7/15
  6613 | D:7      | Found a runed translucent door.
  6620 | D:7      | Found a runed translucent door.
  6859 | D:7      | Found an ancient bone altar of Kikubaaqudgha.
  6925 | D:7      | Reached skill level 3 in Fighting
  6927 | D:7      | Reached skill level 1 in Shields
  6927 | D:7      | Reached skill level 4 in Ice Magic
  6936 | D:7      | Reached skill level 4 in Short Blades
  6936 | D:7      | Reached skill level 4 in Dodging
  6936 | D:7      | Reached skill level 3 in Evocations
  7113 | D:8      | Noticed a two-headed ogre
  7119 | D:7      | Reached skill level 5 in Spellcasting
  7225 | D:8      | Reached skill level 4 in Air Magic
  7414 | D:8      | Killed a two-headed ogre
  7415 | D:8      | Reached skill level 6 in Stealth
  7415 | D:8      | Reached skill level 7 in Summonings
  7415 | D:8      | Reached XP level 10. HP: 26/63 MP: 5/18
  7430 | D:8      | Reached skill level 2 in Shields
  7468 | D:8      | Found a flagged portal.
  7479 | Bailey   | Entered a bailey
  7484 | Bailey   | Learned a level 3 spell: Mephitic Cloud
  7501 | Bailey   | HP: 4/63 [orc warrior/bolt (23)]
  7504 | Bailey   | Gained mutation: You have very sharp teeth. [potion of
                  | mutation]
  7504 | Bailey   | Gained mutation: Your magical capacity is low. (-10% MP)
                  | [potion of mutation]
  7513 | Bailey   | Shot with a bolt by an orc

Vanquished Creatures
  Grinder (D:5)
  2 wyverns
  A wraith (Ossuary)
  A steam dragon (D:8)
  2 orc warriors
  3 centaurs
  A phantom (D:7)
  2 bullfrogs
  A scorpion (D:5)
  Dowan (D:5)
  A howler monkey (D:7)
  A jelly (D:8)
  2 hounds
  A gnoll bouda (D:5)
  2 orc priests
  Crazy Yiuf (D:2)
  Jessica (D:2)
  An iguana (D:6)
  2 orc wizards (D:5)
  5 gnolls (D:5)
  4 adders
  A hound simulacrum (D:3)
  An ufetubus (D:6)
  2 worms
  2 dart slugs (D:3)
  An adder simulacrum (D:3)
  13 orcs
  6 ball pythons
  6 endoplasms
  6 giant cockroaches
  12 goblins
  7 hobgoblins
  A quokka (D:3)
  4 frilled lizards
  5 gnoll skeletons (Ossuary)
  2 kobolds
  4 kobold skeletons (Ossuary)
  10 orc skeletons (Ossuary)
  A rat (D:3)
  A butterfly (D:7)
121 creatures vanquished.

Vanquished Creatures (collateral kills)
  A two-headed ogre (D:8)
  A vampire mosquito (D:7)
  An orc warrior (D:8)
  2 ogres
  4 scorpions (D:7)
  The ghost of roninjake the Trooper, a weakling MiFi (D:3)
  2 killer bees (D:7)
  2 jellies (D:5)
  A hound (D:3)
  2 orc priests (D:5)
  2 sleepcaps
  4 orc wizards
  A mummy (Ossuary)
  Robin (D:2)
  4 gnolls (D:5)
  A hound simulacrum (D:3)
  An adder simulacrum (D:3)
  7 orcs
  An endoplasm (D:1)
  2 giant cockroaches (D:7)
  3 goblins (D:2)
  A hobgoblin (D:2)
  A gnoll skeleton (Ossuary)
  2 kobold skeletons (Ossuary)
  3 orc skeletons (Ossuary)
  3 butterflies (D:7)
54 creatures vanquished.

Vanquished Creatures (others)
  A sky beast (D:8)
  An orc wizard (D:5)
  An orc (D:8)
  A goblin (D:8)
4 creatures vanquished.

Grand Total: 179 creatures vanquished

Table legend: (Time is in decaauts)
 A = Elapsed time spent in this place.
 B = Non-inter-level travel time spent in this place.
 C = Inter-level travel time spent in this place.
 D = Time resting spent in this place.
 E = Time spent auto-exploring this place.
 F = Levels seen in this place.
 G = Mean time per level.
                   A        B        C        D        E       F      G
               +--------+--------+--------+--------+--------+-----+--------+
         Total |   7495 |   7258 |    237 |    774 |   4814 |  11 |  681.4 |
       Dungeon |   7011 |   6780 |    231 |    772 |   4513 |   8 |  876.4 |
        Temple |     14 |      8 |      6 |      0 |      0 |   1 |   14.0 |
       Ossuary |    435 |    435 |      0 |      0 |    301 |   1 |  435.0 |
        Bailey |     33 |     33 |      0 |      2 |      0 |   1 |   33.0 |
               +--------+--------+--------+--------+--------+-----+--------+

Top non-repeatable levels by time:
     D:5: 1765 daAuts
     D:7: 1273 daAuts
     D:2: 1017 daAuts
     D:3: 853 daAuts
     D:6: 722 daAuts
     D:1: 664 daAuts
     D:4: 532 daAuts
 Ossuary: 435 daAuts
     D:8: 182 daAuts
  Bailey: 33 daAuts
  Temple: 14 daAuts

Table legend:
 A = Non-vault XP
 B = Vault XP
 C = Vault XP percentage of total XP
 D = Non-vault monster count
 E = Vault monster count
 F = Vault count percentage of total count
                 A         B        C        D         E       F
            +---------+---------+-------+---------+---------+-------
      Total |    3828 |    1678 |  30.5 |     107 |      66 |  38.2
            +---------+---------+-------+---------+---------+-------
        D:1 |      19 |       0 |   0.0 |      10 |       0 |   0.0
        D:2 |      26 |     113 |  81.3 |       9 |      15 |  62.5
        D:3 |      20 |     143 |  87.7 |      10 |       7 |  41.2
        D:4 |      68 |       0 |   0.0 |      14 |       0 |   0.0
        D:5 |     853 |     394 |  31.6 |      30 |       4 |  11.8
        D:6 |     156 |       0 |   0.0 |       7 |       0 |   0.0
        D:7 |     776 |     637 |  45.1 |      15 |      10 |  40.0
        D:8 |    1910 |       4 |   0.2 |      12 |       2 |  14.3
    Ossuary |       0 |     246 | 100.0 |       0 |      27 | 100.0
     Bailey |       0 |     141 | 100.0 |       0 |       1 | 100.0
            +---------+---------+-------+---------+---------+-------
